[ AOE2 MATCH · #467525171 ]
Team RMSaracens vs Persians
[ REPLAY ANALYSIS · EXTRACTED FROM THE RECORDED GAME ]
Feudal
11:16
Castle
15:31
Imperial
30:52
| APM avg | 25.2 |
| APM peak | 77 |
| eAPM avg | 16.4 |
| Villagers / military | 137 / 259 |
Focus
⚔️ 32.6% · 🌾 67.4%
Scout Cavalry ×140 · Mameluke ×111 · Trade Cart ×19 · Bombard Cannon ×8
Feudal
11:26
Castle
19:01
Imperial
37:07
| APM avg | 20.7 |
| APM peak | 60 |
| eAPM avg | 13.0 |
| Villagers / military | 159 / 138 |
Focus
⚔️ 20.2% · 🌾 79.8%
Knight ×131 · Scout Cavalry ×3 · Monk ×2 · Trebuchet (Packed) ×2
Feudal
—
Castle
—
Imperial
—
| APM avg | 17.5 |
| APM peak | 53 |
| eAPM avg | 13.6 |
| Villagers / military | 91 / 124 |
Focus
⚔️ 35.2% · 🌾 64.8%
Battle Elephant ×57 · Arambai ×30 · Spearman ×28 · Trebuchet (Packed) ×5 · Monk ×2 · Battering Ram ×2
Feudal
8:56
Castle
19:52
Imperial
29:34
| APM avg | 29.9 |
| APM peak | 83 |
| eAPM avg | 13.6 |
| Villagers / military | 114 / 176 |
Focus
⚔️ 29.8% · 🌾 70.2%
Knight ×112 · Scout Cavalry ×59 · Trebuchet (Packed) ×3 · Monk ×2
Feudal
—
Castle
—
Imperial
—
| APM avg | 20.6 |
| APM peak | 95 |
| eAPM avg | 17.3 |
| Villagers / military | 126 / 199 |
Focus
⚔️ 13.4% · 🌾 86.6%
Scout Cavalry ×128 · Ballista Elephant ×70 · Battle Elephant ×1
Feudal
12:37
Castle
18:38
Imperial
33:29
| APM avg | 17.6 |
| APM peak | 50 |
| eAPM avg | 12.3 |
| Villagers / military | 261 / 406 |
Focus
⚔️ 26.0% · 🌾 74.0%
Samurai ×406 · Trade Cart ×15
Feudal
12:12
Castle
16:32
Imperial
39:13
| APM avg | 16.1 |
| APM peak | 32 |
| eAPM avg | 14.2 |
| Villagers / military | 227 / 356 |
Focus
⚔️ 34.0% · 🌾 66.0%
Scorpion ×203 · Spearman ×152 · Monk ×1
Feudal
11:57
Castle
15:54
Imperial
30:35
| APM avg | 26.9 |
| APM peak | 70 |
| eAPM avg | 20.3 |
| Villagers / military | 282 / 73 |
Focus
⚔️ 17.1% · 🌾 82.9%
Camel Scout ×61 · Trade Cart ×50 · Battering Ram ×9 · Mangonel ×2 · Monk ×1
Match map
Resources at game start + every placement click. Thick line = wall · dashed box = detected house wall. 🟡 gold · ⚪ stone · 🟢 berries · 🔶 boar · ⭕ relic
Inputs per minute
— cuffneyj - - abraksis
Build order — cuffneyj
First 150 of 487 actions detected
| 0:03 | Build | House |
| 0:04 | Build | House |
| 0:05 | Create | Villager (Male) |
| 0:05 | Create | Villager (Male) |
| 0:05 | Create | Villager (Male) |
| 0:26 | Create | Villager (Male) |
| 1:29 | Create | Villager (Male) |
| 1:50 | Build | Lumber Camp |
| 2:14 | Create | Villager (Male) |
| 2:24 | Create | Villager (Male) |
| 2:52 | Build | House |
| 2:55 | Build | House |
| 3:02 | Create | Villager (Male) |
| 3:21 | Create | Villager (Male) |
| 3:58 | Create | Villager (Male) |
| 3:59 | Create | Villager (Male) |
| 4:04 | Create | Villager (Male) |
| 4:04 | Create | Villager (Male) |
| 4:42 | Create | Villager (Male) |
| 5:21 | Create | Villager (Male) |
| 5:21 | Create | Villager (Male) |
| 5:21 | Create | Villager (Male) |
| 5:35 | Create | Villager (Male) |
| 6:03 | Create | Villager (Male) |
| 6:14 | Build | Mill |
| 6:44 | Create | Villager (Male) |
| 6:44 | Create | Villager (Male) |
| 6:44 | Create | Villager (Male) |
| 6:45 | Create | Villager (Male) |
| 7:07 | Create | Villager (Male) |
| 8:58 | Build | Mining Camp |
| 9:03 | Research | Feudal Age |
| 9:39 | Build | House |
| 9:42 | Create | Villager (Male) |
| 10:02 | Build | Mill |
| 10:59 | Create | Villager (Male) |
| 11:16 | Age | Feudal Age |
| 11:27 | Build | Market |
| 11:37 | Build | Blacksmith |
| 11:48 | Build | Blacksmith |
| 11:50 | Create | Villager (Male) |
| 12:51 | Research | Castle Age |
| 12:51 | Research | Castle Age |
| 13:31 | Research | Double-Bit Axe |
| 13:34 | Research | Horse Collar |
| 14:30 | Build | House |
| 14:32 | Build | House |
| 14:34 | Build | House |
| 14:36 | Build | House |
| 14:42 | Create | Villager (Male) |
| 14:42 | Create | Villager (Male) |
| 14:49 | Build | Farm |
| 14:53 | Build | Farm |
| 15:10 | Build | Farm |
| 15:25 | Build | Farm |
| 15:31 | Age | Castle Age |
| 15:33 | Build | Farm |
| 15:38 | Research | Wheelbarrow |
| 15:44 | Build | Town Center |
| 16:01 | Build | Town Center |
| 16:06 | Create | Villager (Male) |
| 16:06 | Create | Villager (Male) |
| 16:07 | Create | Villager (Male) |
| 16:31 | Create | Villager (Male) |
| 16:31 | Create | Villager (Male) |
| 16:33 | Create | Villager (Male) |
| 16:52 | Research | Bow Saw |
| 17:16 | Research | Loom |
| 17:20 | Create | Villager (Male) |
| 17:21 | Create | Villager (Male) |
| 17:41 | Create | Villager (Male) |
| 17:41 | Create | Villager (Male) |
| 17:41 | Create | Villager (Male) |
| 17:42 | Create | Villager (Male) |
| 17:54 | Build | Farm |
| 17:54 | Build | Farm |
| 17:55 | Build | Farm |
| 17:57 | Build | Farm |
| 17:57 | Build | Farm |
| 18:00 | Create | Villager (Male) |
| 18:00 | Create | Villager (Male) |
| 18:05 | Build | House |
| 18:07 | Build | House |
| 18:08 | Build | House |
| 18:15 | Create | Villager (Male) |
| 18:15 | Create | Villager (Male) |
| 18:24 | Build | Farm |
| 18:51 | Create | Villager (Male) |
| 19:04 | Create | Villager (Male) |
| 19:11 | Build | Farm |
| 19:11 | Build | Farm |
| 19:11 | Build | Farm |
| 19:12 | Build | Farm |
| 19:12 | Build | Farm |
| 19:13 | Build | Farm |
| 19:14 | Build | Farm |
| 19:20 | Create | Villager (Male) |
| 19:27 | Create | Villager (Male) |
| 19:27 | Create | Villager (Male) |
| 19:39 | Create | Villager (Male) |
| 19:43 | Build | Farm |
| 19:43 | Build | Farm |
| 19:44 | Build | Farm |
| 19:51 | Build | House |
| 19:52 | Build | House |
| 19:53 | Build | House |
| 19:57 | Build | House |
| 20:00 | Create | Villager (Male) |
| 20:01 | Create | Villager (Male) |
| 20:26 | Create | Villager (Male) |
| 20:26 | Create | Villager (Male) |
| 20:27 | Create | Villager (Male) |
| 20:41 | Build | Farm |
| 20:41 | Build | Farm |
| 20:42 | Build | Farm |
| 20:42 | Build | Farm |
| 20:50 | Build | Farm |
| 20:55 | Build | Farm |
| 20:56 | Create | Villager (Male) |
| 20:57 | Create | Villager (Male) |
| 20:57 | Create | Villager (Male) |
| 20:57 | Create | Villager (Male) |
| 21:22 | Create | Villager (Male) |
| 21:22 | Create | Villager (Male) |
| 21:23 | Create | Villager (Male) |
| 21:23 | Create | Villager (Male) |
| 21:40 | Create | Villager (Male) |
| 21:57 | Build | Mill |
| 21:58 | Build | Farm |
| 21:58 | Build | Farm |
| 21:58 | Build | Farm |
| 21:59 | Build | Farm |
| 21:59 | Build | Farm |
| 21:59 | Build | Farm |
| 21:59 | Build | Farm |
| 22:01 | Build | Farm |
| 22:01 | Build | Farm |
| 22:05 | Create | Villager (Male) |
| 22:05 | Create | Villager (Male) |
| 22:05 | Create | Villager (Male) |
| 22:05 | Create | Villager (Male) |
| 22:09 | Build | House |
| 22:10 | Build | House |
| 22:13 | Build | House |
| 22:17 | Create | Villager (Male) |
| 22:17 | Create | Villager (Male) |
| 22:23 | Research | Stone Mining |
| 22:38 | Build | Farm |
| 22:53 | Research | Hand Cart |
| 22:58 | Create | Villager (Male) |
Build order — abraksis
First 150 of 343 actions detected
| 0:03 | Create | Villager (Male) |
| 0:08 | Build | House |
| 0:10 | Build | House |
| 0:25 | Create | Villager (Male) |
| 0:43 | Create | Villager (Male) |
| 1:00 | Create | Villager (Male) |
| 1:01 | Create | Villager (Male) |
| 1:50 | Build | Lumber Camp |
| 1:57 | Create | Villager (Male) |
| 2:30 | Create | Villager (Male) |
| 2:34 | Create | Villager (Male) |
| 2:49 | Research | Loom |
| 2:51 | Create | Villager (Male) |
| 2:51 | Create | Villager (Male) |
| 3:44 | Create | Villager (Male) |
| 3:56 | Build | Mill |
| 4:39 | Create | Villager (Male) |
| 4:40 | Create | Villager (Male) |
| 4:51 | Create | Villager (Male) |
| 5:37 | Build | Palisade Wall |
| 5:45 | Create | Villager (Male) |
| 5:53 | Build | House |
| 6:25 | Create | Villager (Male) |
| 6:39 | Create | Villager (Male) |
| 6:41 | Create | Villager (Male) |
| 7:14 | Create | Villager (Male) |
| 7:25 | Create | Villager (Male) |
| 7:57 | Create | Villager (Male) |
| 8:11 | Build | Farm |
| 8:13 | Create | Villager (Male) |
| 8:33 | Create | Villager (Male) |
| 8:41 | Create | Villager (Male) |
| 8:41 | Create | Villager (Male) |
| 8:49 | Build | House |
| 8:52 | Build | House |
| 9:16 | Research | Feudal Age |
| 9:21 | Create | Villager (Male) |
| 9:21 | Create | Villager (Male) |
| 9:21 | Create | Villager (Male) |
| 9:21 | Create | Villager (Male) |
| 9:48 | Create | Villager (Male) |
| 10:03 | Build | House |
| 10:18 | Build | Farm |
| 10:26 | Build | Farm |
| 10:33 | Build | Farm |
| 10:48 | Build | Mill |
| 11:10 | Create | Villager (Male) |
| 11:26 | Age | Feudal Age |
| 11:39 | Build | Mining Camp |
| 11:44 | Create | Villager (Male) |
| 11:45 | Create | Villager (Male) |
| 13:06 | Build | Market |
| 13:16 | Build | House |
| 13:18 | Create | Villager (Male) |
| 13:32 | Build | Farm |
| 13:48 | Create | Villager (Male) |
| 14:31 | Build | Building 804 |
| 14:54 | Build | Blacksmith |
| 15:06 | Create | Villager (Male) |
| 15:06 | Create | Villager (Male) |
| 15:07 | Create | Villager (Male) |
| 15:08 | Create | Villager (Male) |
| 15:21 | Create | Villager (Male) |
| 15:21 | Create | Villager (Male) |
| 15:35 | Build | Lumber Camp |
| 15:43 | Build | Farm |
| 15:52 | Build | Farm |
| 16:09 | Build | Farm |
| 16:15 | Research | Castle Age |
| 16:21 | Create | Villager (Male) |
| 16:22 | Create | Villager (Male) |
| 16:22 | Create | Villager (Male) |
| 16:22 | Create | Villager (Male) |
| 16:22 | Create | Villager (Male) |
| 16:23 | Create | Villager (Male) |
| 16:48 | Build | Mining Camp |
| 16:51 | Research | Gold Mining |
| 17:15 | Create | Villager (Male) |
| 17:40 | Build | Stone Wall |
| 17:48 | Create | Villager (Male) |
| 17:48 | Create | Villager (Male) |
| 18:09 | Research | Double-Bit Axe |
| 18:09 | Research | Double-Bit Axe |
| 18:29 | Research | Stone Mining |
| 19:01 | Age | Castle Age |
| 19:05 | Build | Town Center |
| 19:40 | Build | Town Center |
| 19:49 | Create | Villager (Male) |
| 19:52 | Research | Wheelbarrow |
| 19:58 | Create | Villager (Male) |
| 20:06 | Create | Villager (Male) |
| 20:18 | Create | Villager (Male) |
| 20:18 | Create | Villager (Male) |
| 20:19 | Create | Villager (Male) |
| 20:38 | Create | Villager (Male) |
| 21:03 | Create | Villager (Male) |
| 21:03 | Create | Villager (Male) |
| 21:07 | Create | Villager (Male) |
| 21:23 | Create | Villager (Male) |
| 21:23 | Create | Villager (Male) |
| 21:23 | Create | Villager (Male) |
| 21:48 | Build | Farm |
| 21:48 | Build | Farm |
| 21:51 | Create | Villager (Male) |
| 22:10 | Create | Villager (Male) |
| 22:26 | Create | Villager (Male) |
| 22:26 | Create | Villager (Male) |
| 22:26 | Create | Villager (Male) |
| 22:34 | Build | House |
| 22:36 | Build | House |
| 22:38 | Build | House |
| 22:45 | Build | Farm |
| 22:45 | Build | Farm |
| 22:46 | Build | Farm |
| 22:46 | Build | Farm |
| 22:50 | Build | Farm |
| 22:55 | Create | Villager (Male) |
| 22:58 | Create | Villager (Male) |
| 22:58 | Create | Villager (Male) |
| 23:11 | Create | Villager (Male) |
| 23:11 | Create | Villager (Male) |
| 23:39 | Build | Castle |
| 23:44 | Create | Villager (Male) |
| 23:44 | Create | Villager (Male) |
| 23:45 | Create | Villager (Male) |
| 23:57 | Build | Monastery |
| 24:21 | Build | University |
| 24:31 | Create | Villager (Male) |
| 24:31 | Create | Villager (Male) |
| 24:31 | Create | Villager (Male) |
| 24:31 | Create | Villager (Male) |
| 24:41 | Create | Monk |
| 24:41 | Create | Monk |
| 25:16 | Create | Villager (Male) |
| 25:20 | Create | Villager (Male) |
| 25:20 | Create | Villager (Male) |
| 25:20 | Create | Villager (Male) |
| 25:33 | Build | Town Center |
| 25:40 | Create | Villager (Male) |
| 25:41 | Create | Villager (Male) |
| 25:41 | Create | Villager (Male) |
| 25:41 | Create | Villager (Male) |
| 26:02 | Create | Villager (Male) |
| 26:03 | Create | Villager (Male) |
| 26:19 | Build | Farm |
| 26:19 | Build | Farm |
| 26:19 | Build | Farm |
| 26:19 | Build | Farm |
| 26:20 | Build | Farm |
| 26:20 | Build | Farm |
Build order — xNFTxLethalZGT
First 150 of 386 actions detected
| 0:01 | Create | Villager (Male) |
| 0:04 | Research | Loom |
| 0:04 | Create | Villager (Male) |
| 0:05 | Create | Villager (Male) |
| 0:05 | Create | Villager (Male) |
| 0:05 | Create | Villager (Male) |
| 0:07 | Build | House |
| 0:30 | Build | House |
| 1:16 | Build | Palisade Wall |
| 2:24 | Create | Villager (Male) |
| 2:24 | Create | Villager (Male) |
| 3:02 | Create | Villager (Male) |
| 3:19 | Build | Lumber Camp |
| 3:23 | Create | Villager (Male) |
| 4:00 | Create | Villager (Male) |
| 4:12 | Build | House |
| 4:36 | Create | Villager (Male) |
| 4:39 | Create | Villager (Male) |
| 5:18 | Create | Villager (Male) |
| 5:41 | Create | Villager (Male) |
| 5:42 | Create | Villager (Male) |
| 5:50 | Build | Mill |
| 6:34 | Create | Villager (Male) |
| 6:54 | Create | Villager (Male) |
| 7:29 | Create | Villager (Male) |
| 8:20 | Research | Feudal Age |
| 8:21 | Research | Feudal Age |
| 8:59 | Build | Mill |
| 9:09 | Build | House |
| 9:17 | Build | Mining Camp |
| 10:06 | Create | Villager (Male) |
| 10:07 | Create | Villager (Male) |
| 10:07 | Create | Villager (Male) |
| 10:07 | Create | Villager (Male) |
| 11:06 | Build | Market |
| 11:40 | Build | House |
| 11:49 | Create | Villager (Male) |
| 11:49 | Create | Villager (Male) |
| 11:49 | Create | Villager (Male) |
| 12:13 | Build | Blacksmith |
| 12:23 | Build | Blacksmith |
| 13:29 | Build | Farm |
| 13:30 | Build | Farm |
| 13:30 | Build | Farm |
| 13:30 | Build | Farm |
| 13:30 | Build | Farm |
| 13:30 | Build | Farm |
| 13:31 | Build | Farm |
| 13:31 | Build | Farm |
| 13:31 | Build | Farm |
| 13:45 | Build | Farm |
| 14:09 | Build | Farm |
| 14:57 | Research | Castle Age |
| 15:13 | Build | Barracks |
| 16:11 | Build | House |
| 16:13 | Build | House |
| 16:14 | Build | House |
| 16:15 | Build | House |
| 16:17 | Build | House |
| 16:49 | Build | Stable |
| 17:11 | Create | Villager (Male) |
| 17:12 | Create | Villager (Male) |
| 17:12 | Create | Villager (Male) |
| 17:12 | Create | Villager (Male) |
| 17:12 | Create | Villager (Male) |
| 17:12 | Create | Villager (Male) |
| 17:13 | Create | Villager (Male) |
| 17:35 | Build | Farm |
| 17:51 | Build | Town Center |
| 18:39 | Create | Villager (Male) |
| 18:39 | Create | Villager (Male) |
| 18:40 | Create | Villager (Male) |
| 19:09 | Build | Town Center |
| 19:15 | Create | Battle Elephant |
| 19:16 | Create | Battle Elephant |
| 19:16 | Create | Battle Elephant |
| 19:49 | Research | Horse Collar |
| 19:55 | Create | Villager (Male) |
| 19:55 | Create | Villager (Male) |
| 20:19 | Build | Monastery |
| 20:28 | Create | Villager (Male) |
| 20:28 | Create | Villager (Male) |
| 20:28 | Create | Villager (Male) |
| 20:35 | Build | Farm |
| 20:44 | Create | Villager (Male) |
| 20:56 | Create | Villager (Male) |
| 20:59 | Build | Farm |
| 21:05 | Create | Monk |
| 21:17 | Create | Villager (Male) |
| 21:17 | Create | Villager (Male) |
| 21:26 | Build | Farm |
| 21:47 | Create | Villager (Male) |
| 21:50 | Build | Farm |
| 21:57 | Build | Farm |
| 21:57 | Build | Farm |
| 21:57 | Build | Farm |
| 21:58 | Build | Farm |
| 21:58 | Build | Farm |
| 21:58 | Build | Farm |
| 21:58 | Build | Farm |
| 21:58 | Build | Farm |
| 22:04 | Create | Villager (Male) |
| 22:05 | Create | Villager (Male) |
| 22:09 | Create | Monk |
| 22:15 | Build | Farm |
| 22:22 | Create | Battle Elephant |
| 22:39 | Build | Farm |
| 22:50 | Build | Siege Workshop |
| 23:00 | Build | Farm |
| 23:05 | Create | Villager (Male) |
| 23:05 | Create | Villager (Male) |
| 23:05 | Create | Villager (Male) |
| 23:08 | Build | Farm |
| 23:21 | Build | University |
| 23:34 | Create | Battle Elephant |
| 23:34 | Create | Battle Elephant |
| 23:34 | Create | Battle Elephant |
| 23:40 | Build | Farm |
| 24:08 | Build | Mining Camp |
| 24:11 | Create | Villager (Male) |
| 24:11 | Create | Villager (Male) |
| 24:11 | Create | Villager (Male) |
| 24:11 | Create | Villager (Male) |
| 24:16 | Create | Battering Ram |
| 24:43 | Create | Villager (Male) |
| 24:43 | Create | Villager (Male) |
| 24:43 | Create | Villager (Male) |
| 24:44 | Create | Villager (Male) |
| 24:47 | Create | Battle Elephant |
| 25:01 | Create | Battering Ram |
| 25:09 | Build | House |
| 25:11 | Build | House |
| 25:12 | Build | House |
| 25:34 | Build | House |
| 25:35 | Build | House |
| 25:37 | Build | House |
| 25:52 | Research | Gold Mining |
| 26:07 | Create | Battle Elephant |
| 26:07 | Create | Battle Elephant |
| 26:08 | Create | Battle Elephant |
| 26:08 | Create | Battle Elephant |
| 26:32 | Research | Gold Shaft Mining |
| 26:50 | Research | Forging |
| 26:55 | Research | Scale Barding Armor |
| 27:09 | Build | House |
| 27:10 | Build | House |
| 27:11 | Build | House |
| 27:12 | Build | House |
| 27:13 | Build | House |
| 27:20 | Research | Husbandry |
Build order — XEVER | elmasi88
First 150 of 327 actions detected
| 0:01 | Create | Villager (Male) |
| 0:02 | Build | House |
| 0:04 | Build | House |
| 0:04 | Create | Villager (Male) |
| 0:10 | Create | Villager (Male) |
| 0:10 | Create | Villager (Male) |
| 0:11 | Create | Villager (Male) |
| 0:11 | Create | Villager (Male) |
| 1:32 | Create | Villager (Male) |
| 1:33 | Create | Villager (Male) |
| 1:43 | Build | Lumber Camp |
| 1:53 | Create | Villager (Male) |
| 1:53 | Create | Villager (Male) |
| 2:13 | Create | Villager (Male) |
| 2:40 | Create | Villager (Male) |
| 2:40 | Create | Villager (Male) |
| 3:15 | Create | Villager (Male) |
| 3:15 | Create | Villager (Male) |
| 3:35 | Create | Villager (Male) |
| 3:35 | Create | Villager (Male) |
| 3:39 | Build | House |
| 3:40 | Build | House |
| 3:58 | Create | Villager (Male) |
| 4:11 | Create | Villager (Male) |
| 4:11 | Create | Villager (Male) |
| 4:22 | Create | Villager (Male) |
| 4:22 | Create | Villager (Male) |
| 4:28 | Build | Mill |
| 4:46 | Create | Villager (Male) |
| 5:04 | Create | Villager (Male) |
| 5:04 | Create | Villager (Male) |
| 5:05 | Create | Villager (Male) |
| 5:45 | Research | Loom |
| 6:52 | Research | Feudal Age |
| 7:22 | Build | Lumber Camp |
| 7:43 | Build | Barracks |
| 8:00 | Build | House |
| 8:47 | Create | Villager (Male) |
| 8:51 | Create | Villager (Male) |
| 8:56 | Age | Feudal Age |
| 8:59 | Build | Stable |
| 9:05 | Research | Horse Collar |
| 9:14 | Research | Double-Bit Axe |
| 9:31 | Create | Villager (Male) |
| 9:41 | Build | Farm |
| 9:49 | Build | Farm |
| 9:49 | Create | Villager (Male) |
| 9:57 | Build | House |
| 10:01 | Create | Scout Cavalry |
| 10:02 | Create | Scout Cavalry |
| 10:02 | Create | Scout Cavalry |
| 10:08 | Create | Villager (Male) |
| 10:12 | Build | Farm |
| 10:30 | Build | Farm |
| 10:31 | Create | Villager (Male) |
| 10:54 | Create | Scout Cavalry |
| 10:58 | Build | Farm |
| 11:01 | Create | Villager (Male) |
| 11:07 | Build | House |
| 11:18 | Build | Farm |
| 11:19 | Create | Villager (Male) |
| 11:38 | Build | Farm |
| 11:41 | Create | Villager (Male) |
| 12:02 | Build | Farm |
| 12:05 | Create | Villager (Male) |
| 12:15 | Build | Blacksmith |
| 12:22 | Create | Villager (Male) |
| 12:25 | Build | Farm |
| 12:26 | Create | Villager (Male) |
| 12:48 | Build | Farm |
| 12:49 | Create | Villager (Male) |
| 12:59 | Build | House |
| 13:18 | Build | Farm |
| 13:19 | Create | Villager (Male) |
| 13:36 | Build | Farm |
| 13:37 | Create | Villager (Male) |
| 13:59 | Build | Farm |
| 14:15 | Research | Forging |
| 14:21 | Build | Farm |
| 14:22 | Create | Villager (Male) |
| 14:40 | Create | Villager (Male) |
| 14:44 | Build | Farm |
| 15:09 | Build | Mining Camp |
| 15:27 | Create | Villager (Male) |
| 15:29 | Create | Villager (Male) |
| 15:29 | Create | Villager (Male) |
| 15:29 | Create | Villager (Male) |
| 16:09 | Build | House |
| 16:10 | Build | House |
| 16:28 | Build | Farm |
| 16:44 | Build | Farm |
| 16:54 | Build | Market |
| 17:04 | Create | Villager (Male) |
| 17:06 | Build | Farm |
| 17:23 | Research | Castle Age |
| 17:31 | Build | Farm |
| 17:37 | Research | Scale Barding Armor |
| 17:52 | Research | Bloodlines |
| 18:40 | Research | Gold Mining |
| 19:08 | Build | Stable |
| 19:09 | Build | Stable |
| 19:52 | Age | Castle Age |
| 20:07 | Create | Villager (Male) |
| 20:08 | Create | Villager (Male) |
| 20:08 | Create | Villager (Male) |
| 20:16 | Research | Wheelbarrow |
| 20:22 | Research | Iron Casting |
| 20:34 | Build | Town Center |
| 20:53 | Research | Bow Saw |
| 20:57 | Research | Heavy Plow |
| 21:10 | Research | Light Cavalry (upgrade) |
| 21:37 | Build | Farm |
| 21:39 | Build | Farm |
| 21:43 | Create | Villager (Male) |
| 21:44 | Create | Villager (Male) |
| 22:02 | Build | Monastery |
| 22:35 | Create | Villager (Male) |
| 22:36 | Research | Hand Cart |
| 22:40 | Create | Villager (Male) |
| 22:40 | Create | Villager (Male) |
| 22:46 | Build | Farm |
| 22:47 | Build | Farm |
| 22:51 | Create | Villager (Male) |
| 22:53 | Create | Monk |
| 23:00 | Create | Monk |
| 23:17 | Create | Villager (Male) |
| 23:23 | Build | House |
| 23:25 | Build | House |
| 23:27 | Build | House |
| 23:28 | Build | House |
| 23:32 | Create | Villager (Male) |
| 23:33 | Create | Villager (Male) |
| 24:14 | Create | Villager (Male) |
| 24:14 | Create | Villager (Male) |
| 25:00 | Create | Villager (Male) |
| 25:00 | Create | Villager (Male) |
| 25:01 | Create | Villager (Male) |
| 25:01 | Create | Villager (Male) |
| 25:01 | Create | Villager (Male) |
| 25:01 | Create | Villager (Male) |
| 25:03 | Build | Farm |
| 25:06 | Build | Farm |
| 25:07 | Build | Farm |
| 25:10 | Build | Farm |
| 25:12 | Build | Farm |
| 25:22 | Build | Farm |
| 25:23 | Build | Farm |
| 25:29 | Create | Villager (Male) |
| 25:29 | Create | Villager (Male) |
| 25:57 | Build | University |
Build order — xNFTxNeMeziZGT
First 150 of 313 actions detected
| 0:07 | Build | House |
| 0:07 | Build | House |
| 0:08 | Build | House |
| 0:14 | Research | Loom |
| 0:14 | Create | Villager (Male) |
| 0:15 | Create | Villager (Male) |
| 0:15 | Create | Villager (Male) |
| 0:15 | Create | Villager (Male) |
| 0:16 | Create | Villager (Male) |
| 2:39 | Build | Lumber Camp |
| 2:40 | Create | Villager (Male) |
| 3:11 | Create | Villager (Male) |
| 3:48 | Create | Villager (Male) |
| 4:15 | Create | Villager (Male) |
| 4:40 | Create | Villager (Male) |
| 5:39 | Create | Villager (Male) |
| 5:40 | Create | Villager (Male) |
| 5:40 | Create | Villager (Male) |
| 5:40 | Create | Villager (Male) |
| 5:40 | Create | Villager (Male) |
| 5:49 | Build | Mill |
| 6:02 | Create | Villager (Male) |
| 6:03 | Create | Villager (Male) |
| 7:08 | Build | House |
| 7:09 | Build | House |
| 7:12 | Build | House |
| 7:22 | Create | Villager (Male) |
| 7:22 | Create | Villager (Male) |
| 7:22 | Create | Villager (Male) |
| 7:22 | Create | Villager (Male) |
| 7:49 | Create | Villager (Male) |
| 7:58 | Build | Lumber Camp |
| 8:03 | Create | Villager (Male) |
| 8:15 | Create | Villager (Male) |
| 8:25 | Create | Villager (Male) |
| 8:50 | Create | Villager (Male) |
| 9:05 | Create | Villager (Male) |
| 9:06 | Create | Villager (Male) |
| 9:07 | Create | Villager (Male) |
| 9:20 | Create | Villager (Male) |
| 9:51 | Build | Mill |
| 11:12 | Build | Mining Camp |
| 11:41 | Research | Feudal Age |
| 11:49 | Build | Farm |
| 11:49 | Build | Farm |
| 14:50 | Build | Stable |
| 14:52 | Build | Stable |
| 15:02 | Research | Castle Age |
| 15:29 | Build | Farm |
| 15:29 | Build | Farm |
| 15:29 | Build | Farm |
| 15:29 | Build | Farm |
| 15:30 | Build | Farm |
| 15:30 | Build | Farm |
| 15:30 | Build | Farm |
| 15:31 | Build | Farm |
| 15:31 | Build | Farm |
| 15:31 | Build | Farm |
| 15:31 | Build | Farm |
| 15:54 | Research | Double-Bit Axe |
| 16:25 | Research | Horse Collar |
| 17:23 | Build | Farm |
| 17:24 | Build | Farm |
| 17:36 | Research | Stone Mining |
| 17:49 | Research | Bow Saw |
| 17:56 | Create | Villager (Male) |
| 17:56 | Create | Villager (Male) |
| 17:57 | Create | Villager (Male) |
| 18:54 | Build | Castle |
| 19:11 | Build | Market |
| 19:45 | Create | Villager (Male) ×5 |
| 19:52 | Build | House |
| 19:54 | Build | House |
| 19:56 | Build | House |
| 19:58 | Build | House |
| 20:14 | Build | Town Center |
| 20:49 | Build | Mining Camp |
| 21:13 | Create | Villager (Male) |
| 21:13 | Create | Villager (Male) |
| 21:14 | Create | Villager (Male) |
| 21:14 | Create | Villager (Male) |
| 21:14 | Create | Villager (Male) |
| 21:15 | Create | Villager (Male) |
| 21:15 | Create | Villager (Male) |
| 21:16 | Create | Villager (Male) |
| 21:16 | Create | Villager (Male) |
| 21:16 | Create | Villager (Male) |
| 21:27 | Build | Farm |
| 21:37 | Build | Farm |
| 21:42 | Create | Ballista Elephant |
| 21:47 | Build | Farm |
| 21:58 | Create | Villager (Male) |
| 22:28 | Create | Ballista Elephant |
| 22:52 | Build | Town Center |
| 23:05 | Research | Wheelbarrow |
| 23:09 | Create | Villager (Male) |
| 23:22 | Build | Farm |
| 23:30 | Create | Ballista Elephant |
| 23:36 | Build | Farm |
| 23:48 | Build | Farm |
| 23:53 | Create | Ballista Elephant |
| 23:58 | Build | Farm |
| 24:06 | Create | Villager (Male) |
| 24:19 | Build | Farm |
| 24:21 | Create | Villager (Male) |
| 24:31 | Create | Villager (Male) |
| 24:31 | Create | Villager (Male) |
| 24:37 | Build | Farm |
| 24:37 | Build | Farm |
| 24:37 | Build | Farm |
| 24:49 | Build | Farm |
| 24:52 | Create | Villager (Male) |
| 24:52 | Create | Villager (Male) |
| 24:52 | Create | Villager (Male) |
| 25:02 | Create | Ballista Elephant |
| 25:12 | Build | Farm |
| 25:12 | Build | Farm |
| 25:12 | Build | Farm |
| 25:31 | Create | Ballista Elephant |
| 25:45 | Build | Town Center |
| 25:59 | Research | Light Cavalry (upgrade) |
| 26:02 | Create | Villager (Male) ×5 |
| 26:11 | Build | Farm |
| 26:11 | Build | Farm |
| 26:11 | Build | Farm |
| 26:18 | Create | Villager (Male) |
| 26:46 | Create | Villager (Male) ×5 |
| 26:48 | Create | Villager (Male) |
| 26:48 | Create | Villager (Male) |
| 26:49 | Create | Villager (Male) |
| 26:54 | Build | Farm |
| 26:54 | Build | Farm |
| 27:08 | Create | Ballista Elephant |
| 27:20 | Build | Farm |
| 27:24 | Build | Farm |
| 27:31 | Build | Farm |
| 27:43 | Create | Ballista Elephant |
| 27:51 | Build | Farm |
| 27:56 | Build | Farm |
| 28:00 | Create | Villager (Male) ×5 |
| 28:01 | Create | Villager (Male) ×5 |
| 28:04 | Build | Farm |
| 28:33 | Create | Ballista Elephant |
| 29:24 | Create | Villager (Male) ×5 |
| 29:24 | Create | Villager (Male) ×5 |
| 30:18 | Create | Ballista Elephant ×2 |
| 30:25 | Build | House |
| 30:27 | Build | House |
| 30:28 | Build | House |
| 30:28 | Build | House |
Build order — 88888
First 150 of 402 actions detected
| 0:04 | Build | House |
| 0:09 | Build | House |
| 0:11 | Create | Villager (Male) ×4 |
| 0:11 | Create | Villager (Male) ×4 |
| 1:31 | Create | Villager (Male) |
| 1:32 | Create | Villager (Male) |
| 2:11 | Create | Villager (Male) |
| 2:11 | Create | Villager (Male) |
| 2:11 | Create | Villager (Male) |
| 2:11 | Create | Villager (Male) |
| 2:12 | Create | Villager (Male) |
| 2:12 | Create | Villager (Male) |
| 2:23 | Create | Villager (Male) |
| 2:23 | Create | Villager (Male) |
| 3:13 | Build | House |
| 3:14 | Build | House |
| 3:15 | Build | House |
| 3:22 | Create | Villager (Male) ×2 |
| 3:22 | Create | Villager (Male) ×2 |
| 3:22 | Create | Villager (Male) ×2 |
| 3:23 | Create | Villager (Male) ×2 |
| 3:23 | Create | Villager (Male) |
| 3:23 | Create | Villager (Male) ×2 |
| 3:24 | Create | Villager (Male) ×2 |
| 3:28 | Create | Villager (Male) |
| 3:29 | Create | Villager (Male) |
| 3:29 | Create | Villager (Male) |
| 3:29 | Create | Villager (Male) |
| 3:30 | Create | Villager (Male) |
| 3:43 | Create | Villager (Male) |
| 3:44 | Create | Villager (Male) |
| 3:44 | Create | Villager (Male) |
| 3:44 | Create | Villager (Male) |
| 4:06 | Create | Villager (Male) |
| 4:07 | Create | Villager (Male) |
| 4:30 | Create | Villager (Male) |
| 4:31 | Create | Villager (Male) |
| 4:31 | Create | Villager (Male) |
| 4:31 | Create | Villager (Male) |
| 4:32 | Create | Villager (Male) |
| 4:32 | Create | Villager (Male) |
| 4:33 | Create | Villager (Male) |
| 5:05 | Create | Villager (Male) |
| 5:06 | Create | Villager (Male) ×2 |
| 5:06 | Create | Villager (Male) ×2 |
| 5:17 | Build | Mill |
| 5:53 | Create | Villager (Male) ×2 |
| 5:53 | Create | Villager (Male) ×2 |
| 5:54 | Create | Villager (Male) ×2 |
| 6:14 | Create | Villager (Male) |
| 6:14 | Create | Villager (Male) |
| 7:14 | Build | Lumber Camp |
| 7:57 | Create | Villager (Male) ×5 |
| 7:58 | Create | Villager (Male) |
| 7:58 | Create | Villager (Male) ×5 |
| 7:58 | Create | Villager (Male) |
| 8:11 | Build | Mining Camp |
| 8:36 | Create | Villager (Male) ×3 |
| 8:36 | Create | Villager (Male) |
| 8:36 | Create | Villager (Male) ×3 |
| 8:36 | Create | Villager (Male) ×3 |
| 8:36 | Create | Villager (Male) ×3 |
| 8:37 | Create | Villager (Male) ×3 |
| 8:37 | Create | Villager (Male) |
| 8:37 | Create | Villager (Male) ×3 |
| 9:12 | Build | Mill |
| 9:31 | Create | Villager (Male) |
| 9:31 | Create | Villager (Male) |
| 9:50 | Build | House |
| 9:51 | Build | House |
| 9:53 | Build | House |
| 9:55 | Build | House |
| 10:01 | Build | House |
| 10:02 | Build | House |
| 10:13 | Research | Feudal Age |
| 11:31 | Build | Mill |
| 11:48 | Research | Loom |
| 11:49 | Create | Villager (Male) ×5 |
| 11:49 | Create | Villager (Male) ×5 |
| 11:49 | Create | Villager (Male) |
| 12:37 | Age | Feudal Age |
| 13:19 | Build | Market |
| 13:22 | Build | Blacksmith |
| 13:30 | Build | Building 490 |
| 13:41 | Create | Villager (Male) |
| 13:41 | Create | Villager (Male) ×5 |
| 13:42 | Create | Villager (Male) ×5 |
| 14:27 | Create | Villager (Male) ×5 |
| 14:28 | Create | Villager (Male) ×5 |
| 14:28 | Create | Villager (Male) |
| 15:24 | Build | Lumber Camp |
| 15:31 | Build | Farm |
| 15:32 | Build | Farm |
| 15:34 | Build | Farm |
| 15:35 | Build | Farm |
| 15:38 | Build | Farm |
| 15:41 | Build | Farm |
| 15:53 | Research | Castle Age |
| 15:58 | Build | Mining Camp |
| 16:12 | Research | Double-Bit Axe |
| 16:14 | Research | Horse Collar |
| 16:18 | Build | Farm |
| 16:22 | Build | Farm |
| 17:27 | Build | Farm |
| 17:29 | Build | Farm |
| 17:30 | Build | Farm |
| 17:31 | Build | Farm |
| 17:38 | Create | Villager (Male) ×5 |
| 18:38 | Age | Castle Age |
| 18:40 | Build | Town Center |
| 18:48 | Build | Town Center |
| 19:12 | Research | Bow Saw |
| 19:55 | Create | Villager (Male) |
| 19:57 | Build | Farm |
| 20:09 | Create | Villager (Male) |
| 20:10 | Create | Villager (Male) |
| 20:10 | Create | Villager (Male) |
| 20:26 | Build | Farm |
| 20:41 | Research | Wheelbarrow |
| 20:42 | Create | Villager (Male) |
| 20:42 | Create | Villager (Male) |
| 20:43 | Create | Villager (Male) |
| 20:54 | Build | Town Center |
| 20:59 | Create | Villager (Male) |
| 20:59 | Create | Villager (Male) |
| 21:11 | Build | Farm |
| 21:22 | Build | House |
| 21:24 | Build | House |
| 21:25 | Build | House |
| 21:28 | Build | Building 487 |
| 21:32 | Build | House |
| 21:35 | Create | Villager (Male) ×5 |
| 21:40 | Build | Farm |
| 21:44 | Build | Farm |
| 21:45 | Build | Farm |
| 21:52 | Build | Farm |
| 21:53 | Build | Farm |
| 21:54 | Create | Villager (Male) ×3 |
| 21:55 | Create | Villager (Male) ×3 |
| 22:27 | Create | Villager (Male) |
| 22:28 | Create | Villager (Male) |
| 22:28 | Create | Villager (Male) |
| 22:29 | Create | Villager (Male) |
| 22:31 | Create | Villager (Male) |
| 22:38 | Build | Farm |
| 22:39 | Build | Farm |
| 22:46 | Build | Farm |
| 22:49 | Create | Villager (Male) |
| 22:50 | Create | Villager (Male) ×2 |
| 22:50 | Create | Villager (Male) |
Build order — InvasorDePasti
First 150 of 426 actions detected
| 0:03 | Build | House |
| 0:06 | Build | House |
| 0:08 | Create | Villager (Male) ×4 |
| 0:08 | Create | Villager (Male) ×4 |
| 0:08 | Create | Villager (Male) ×4 |
| 0:34 | Build | Palisade Wall |
| 1:57 | Create | Villager (Male) |
| 1:57 | Create | Villager (Male) |
| 1:57 | Create | Villager (Male) |
| 1:58 | Create | Villager (Male) |
| 2:27 | Research | Loom |
| 2:35 | Create | Villager (Male) |
| 2:35 | Create | Villager (Male) |
| 2:35 | Create | Villager (Male) |
| 2:35 | Create | Villager (Male) |
| 2:45 | Build | Lumber Camp |
| 2:50 | Create | Villager (Male) |
| 2:51 | Create | Villager (Male) |
| 2:51 | Create | Villager (Male) |
| 3:22 | Create | Villager (Male) |
| 3:22 | Create | Villager (Male) |
| 3:22 | Create | Villager (Male) |
| 3:37 | Create | Villager (Male) |
| 3:38 | Create | Villager (Male) |
| 4:08 | Create | Villager (Male) |
| 4:08 | Create | Villager (Male) |
| 4:08 | Create | Villager (Male) |
| 4:36 | Build | House |
| 4:47 | Create | Villager (Male) |
| 4:47 | Create | Villager (Male) |
| 4:48 | Create | Villager (Male) |
| 4:57 | Create | Villager (Male) |
| 4:57 | Create | Villager (Male) |
| 4:57 | Create | Villager (Male) |
| 5:09 | Build | Mill |
| 5:34 | Create | Villager (Male) |
| 5:34 | Create | Villager (Male) |
| 5:35 | Create | Villager (Male) |
| 6:17 | Create | Villager (Male) |
| 6:40 | Build | House |
| 6:42 | Build | House |
| 6:51 | Create | Villager (Male) |
| 7:14 | Build | Lumber Camp |
| 7:17 | Create | Villager (Male) |
| 7:54 | Create | Villager (Male) |
| 8:04 | Create | Villager (Male) |
| 8:18 | Build | Mill |
| 8:20 | Create | Villager (Male) |
| 8:35 | Create | Villager (Male) |
| 8:51 | Create | Villager (Male) |
| 9:38 | Build | Mining Camp |
| 9:41 | Create | Villager (Male) |
| 10:02 | Research | Feudal Age |
| 11:24 | Build | Farm |
| 11:28 | Build | Farm |
| 11:30 | Build | Farm |
| 11:32 | Build | Farm |
| 11:36 | Build | Farm |
| 11:39 | Build | Farm |
| 11:41 | Build | Farm |
| 11:54 | Build | Farm |
| 11:56 | Create | Villager (Male) |
| 11:56 | Create | Villager (Male) |
| 12:12 | Age | Feudal Age |
| 12:15 | Build | Market |
| 12:20 | Create | Villager (Male) |
| 12:47 | Build | Blacksmith |
| 13:22 | Create | Villager (Male) |
| 13:34 | Build | Lumber Camp |
| 13:51 | Research | Castle Age |
| 14:02 | Build | Mining Camp |
| 14:15 | Create | Villager (Male) |
| 14:25 | Build | Palisade Wall |
| 14:36 | Build | Palisade Wall |
| 14:44 | Build | Building 804 |
| 15:24 | Create | Villager (Male) |
| 15:35 | Build | Palisade Wall |
| 16:07 | Build | House |
| 16:08 | Build | House |
| 16:10 | Build | House |
| 16:20 | Build | Palisade Wall |
| 16:32 | Age | Castle Age |
| 16:43 | Build | Town Center |
| 17:28 | Create | Villager (Male) ×5 |
| 17:32 | Build | Town Center |
| 17:47 | Create | Villager (Male) ×5 |
| 18:35 | Research | Fletching |
| 18:43 | Build | University |
| 19:06 | Create | Villager (Male) ×2 |
| 19:14 | Build | Town Center |
| 19:33 | Build | Barracks |
| 20:05 | Research | Ballistics |
| 20:06 | Create | Villager (Male) |
| 20:13 | Create | Villager (Male) ×2 |
| 21:01 | Build | Barracks |
| 21:06 | Create | Spearman |
| 21:06 | Create | Spearman |
| 22:11 | Create | Villager (Male) ×3 |
| 22:11 | Create | Villager (Male) ×3 |
| 22:15 | Build | Farm |
| 22:17 | Build | Farm |
| 22:35 | Create | Villager (Male) |
| 22:35 | Create | Villager (Male) |
| 22:38 | Build | Farm |
| 22:56 | Build | Stone Wall |
| 23:03 | Create | Villager (Male) |
| 23:04 | Create | Villager (Male) |
| 23:07 | Build | Farm |
| 23:11 | Build | Farm |
| 23:13 | Create | Villager (Male) |
| 23:13 | Create | Villager (Male) |
| 23:13 | Create | Villager (Male) |
| 23:51 | Research | Double-Bit Axe |
| 23:56 | Build | Farm |
| 23:58 | Build | Farm |
| 24:00 | Build | Farm |
| 24:03 | Build | Farm |
| 24:13 | Research | Horse Collar |
| 24:13 | Research | Horse Collar |
| 24:23 | Create | Villager (Male) |
| 24:23 | Create | Villager (Male) |
| 24:23 | Create | Villager (Male) |
| 24:26 | Build | Farm |
| 24:34 | Create | Villager (Male) |
| 24:35 | Create | Villager (Male) |
| 24:35 | Create | Villager (Male) |
| 24:48 | Build | Building 673 |
| 24:50 | Create | Villager (Male) |
| 24:50 | Create | Villager (Male) |
| 25:01 | Build | Farm |
| 25:04 | Build | Farm |
| 25:06 | Build | Farm |
| 25:09 | Build | Farm |
| 25:10 | Build | Farm |
| 25:15 | Create | Villager (Male) ×2 |
| 25:15 | Create | Villager (Male) ×2 |
| 25:29 | Create | Villager (Male) |
| 25:29 | Create | Villager (Male) |
| 25:29 | Create | Villager (Male) |
| 25:35 | Build | Farm |
| 25:48 | Create | Villager (Male) ×2 |
| 25:48 | Create | Villager (Male) ×2 |
| 25:49 | Create | Villager (Male) ×2 |
| 26:07 | Build | House |
| 26:09 | Build | House |
| 26:10 | Build | House |
| 26:11 | Build | House |
| 26:12 | Build | House |
| 26:14 | Create | Villager (Male) ×2 |
| 26:14 | Create | Villager (Male) ×2 |
Build order — Avataroffaith
First 150 of 645 actions detected
| 0:03 | Create | Villager (Male) |
| 0:04 | Create | Villager (Male) |
| 0:04 | Create | Villager (Male) |
| 0:04 | Create | Villager (Male) |
| 0:04 | Create | Villager (Male) |
| 0:08 | Build | House |
| 0:09 | Build | House |
| 1:39 | Create | Villager (Male) |
| 1:39 | Create | Villager (Male) |
| 1:39 | Create | Villager (Male) |
| 2:13 | Build | Palisade Wall |
| 2:30 | Create | Villager (Male) |
| 2:31 | Create | Villager (Male) |
| 2:31 | Create | Villager (Male) |
| 2:37 | Build | Lumber Camp |
| 2:47 | Create | Villager (Male) |
| 2:48 | Create | Villager (Male) |
| 2:48 | Create | Villager (Male) |
| 3:05 | Create | Villager (Male) |
| 3:43 | Create | Villager (Male) |
| 3:43 | Create | Villager (Male) |
| 3:44 | Create | Villager (Male) |
| 4:17 | Build | Outpost |
| 4:23 | Build | House |
| 4:33 | Research | Loom |
| 4:57 | Build | Palisade Wall |
| 4:59 | Build | Palisade Wall |
| 5:10 | Create | Villager (Male) |
| 5:10 | Create | Villager (Male) |
| 5:26 | Build | House |
| 5:41 | Create | Villager (Male) |
| 5:41 | Create | Villager (Male) |
| 5:42 | Create | Villager (Male) |
| 5:51 | Build | House |
| 6:16 | Create | Villager (Male) |
| 6:16 | Create | Villager (Male) |
| 6:16 | Create | Villager (Male) |
| 6:22 | Build | Mill |
| 6:43 | Create | Villager (Male) |
| 6:43 | Create | Villager (Male) |
| 6:43 | Create | Villager (Male) |
| 7:08 | Build | House |
| 7:54 | Create | Villager (Male) |
| 7:54 | Create | Villager (Male) |
| 7:54 | Create | Villager (Male) |
| 8:20 | Build | Lumber Camp |
| 8:55 | Create | Villager (Male) |
| 9:09 | Build | Mill |
| 9:13 | Build | Mining Camp |
| 9:25 | Create | Villager (Male) |
| 9:39 | Research | Feudal Age |
| 10:02 | Build | Mining Camp |
| 10:16 | Build | Farm |
| 11:18 | Create | Villager (Male) |
| 11:18 | Create | Villager (Male) |
| 11:57 | Age | Feudal Age |
| 12:03 | Build | Market |
| 12:11 | Build | Blacksmith |
| 12:30 | Build | Stone Wall |
| 12:32 | Build | Stone Wall |
| 12:43 | Create | Villager (Male) |
| 13:00 | Create | Villager (Male) |
| 13:28 | Research | Castle Age |
| 13:59 | Research | Double-Bit Axe |
| 14:14 | Build | Farm |
| 14:18 | Build | Farm |
| 14:22 | Research | Horse Collar |
| 15:54 | Age | Castle Age |
| 15:56 | Create | Villager (Male) |
| 16:02 | Build | Town Center |
| 16:08 | Build | Town Center |
| 16:15 | Research | Bow Saw |
| 16:15 | Research | Heavy Plow |
| 16:20 | Create | Villager (Male) |
| 16:25 | Build | House |
| 16:49 | Build | House |
| 17:12 | Create | Villager (Male) |
| 17:24 | Create | Villager (Male) |
| 17:24 | Create | Villager (Male) |
| 17:27 | Build | Farm |
| 17:29 | Build | Farm |
| 17:33 | Build | Farm |
| 17:35 | Create | Villager (Male) |
| 17:42 | Build | Farm |
| 17:45 | Create | Villager (Male) |
| 17:50 | Build | Farm |
| 17:55 | Build | Farm |
| 18:13 | Build | Farm |
| 18:15 | Create | Villager (Male) |
| 18:16 | Create | Villager (Male) |
| 18:16 | Create | Villager (Male) |
| 18:21 | Build | House |
| 18:26 | Build | Farm |
| 18:29 | Build | Farm |
| 18:35 | Build | Farm |
| 18:38 | Build | Farm |
| 18:39 | Create | Villager (Male) |
| 18:39 | Create | Villager (Male) |
| 18:45 | Build | Farm |
| 18:55 | Build | Farm |
| 18:57 | Build | Farm |
| 19:00 | Build | Farm |
| 19:01 | Create | Villager (Male) |
| 19:02 | Create | Villager (Male) |
| 19:02 | Create | Villager (Male) |
| 19:05 | Build | Farm |
| 19:08 | Build | Farm |
| 19:15 | Build | House |
| 19:16 | Build | House |
| 19:17 | Create | Villager (Male) |
| 19:17 | Create | Villager (Male) |
| 19:26 | Create | Villager (Male) |
| 19:26 | Create | Villager (Male) |
| 19:26 | Create | Villager (Male) |
| 19:36 | Build | Siege Workshop |
| 19:37 | Create | Villager (Male) |
| 19:37 | Create | Villager (Male) |
| 19:38 | Create | Villager (Male) |
| 19:41 | Build | Farm |
| 19:44 | Create | Villager (Male) |
| 19:44 | Create | Villager (Male) |
| 19:46 | Build | Farm |
| 19:59 | Create | Villager (Male) |
| 19:59 | Create | Villager (Male) |
| 19:59 | Create | Villager (Male) |
| 20:00 | Create | Villager (Male) |
| 20:04 | Build | Farm |
| 20:09 | Create | Villager (Male) |
| 20:09 | Create | Villager (Male) |
| 20:10 | Create | Villager (Male) |
| 20:15 | Build | Farm |
| 20:16 | Create | Villager (Male) |
| 20:16 | Create | Villager (Male) |
| 20:26 | Build | House |
| 20:32 | Create | Villager (Male) |
| 20:32 | Create | Villager (Male) |
| 20:32 | Create | Villager (Male) |
| 20:39 | Create | Villager (Male) |
| 20:39 | Create | Villager (Male) |
| 20:40 | Create | Villager (Male) |
| 20:46 | Create | Villager (Male) |
| 20:47 | Create | Villager (Male) |
| 20:47 | Create | Villager (Male) |
| 20:54 | Create | Villager (Male) |
| 20:55 | Create | Villager (Male) |
| 21:09 | Create | Villager (Male) |
| 21:09 | Create | Villager (Male) |
| 21:16 | Create | Villager (Male) |
| 21:16 | Create | Villager (Male) |
| 21:20 | Create | Villager (Male) |
Match timeline
| 0:34 | InvasorDePasti · wall_segment Palisade Wall x23 |
| 1:16 | xNFTxLethalZGT · wall_segment Palisade Wall x18 |
| 2:13 | Avataroffaith · wall_segment Palisade Wall x12 |
| 4:57 | Avataroffaith · wall_segment Palisade Wall x2 |
| 4:59 | Avataroffaith · wall_segment Palisade Wall x11 |
| 5:37 | abraksis · wall_segment Palisade Wall x14 |
| 7:43 | XEVER | elmasi88 · first_building Barracks |
| 8:56 | XEVER | elmasi88 · age_up feudal |
| 8:59 | XEVER | elmasi88 · first_building Stable |
| 11:16 | cuffneyj · age_up feudal |
| 11:26 | abraksis · age_up feudal |
| 11:57 | Avataroffaith · age_up feudal |
| 12:12 | InvasorDePasti · age_up feudal |
| 12:30 | Avataroffaith · wall_segment Stone Wall x3 |
| 12:32 | Avataroffaith · wall_segment Stone Wall x12 |
| 12:37 | 88888 · age_up feudal |
| 14:25 | InvasorDePasti · wall_segment Palisade Wall x3 |
| 14:34 | xNFTxLethalZGT · first_market_buy 100 food |
| 14:36 | InvasorDePasti · wall_segment Palisade Wall x9 |
| 14:50 | xNFTxNeMeziZGT · first_building Stable |
| 15:13 | xNFTxLethalZGT · first_building Barracks |
| 15:31 | cuffneyj · age_up castle |
| 15:35 | InvasorDePasti · wall_segment Palisade Wall x6 |
| 15:54 | Avataroffaith · age_up castle |
| 16:20 | InvasorDePasti · wall_segment Palisade Wall x4 |
| 16:32 | InvasorDePasti · age_up castle |
| 16:49 | xNFTxLethalZGT · first_building Stable |
| 17:40 | abraksis · wall_segment Stone Wall x14 |
| 18:38 | 88888 · age_up castle |
| 18:54 | xNFTxNeMeziZGT · first_building Castle |
| 19:01 | abraksis · age_up castle |
| 19:25 | cuffneyj · first_market_buy 100 food |
| 19:30 | abraksis · first_market_buy 100 wood |
| 19:33 | InvasorDePasti · first_building Barracks |
| 19:36 | Avataroffaith · first_building Siege Workshop |
| 19:52 | XEVER | elmasi88 · age_up castle |
| 20:09 | xNFTxNeMeziZGT · first_market_sell 100 wood |
| 20:10 | xNFTxNeMeziZGT · first_market_buy 100 stone |
| 20:19 | xNFTxLethalZGT · first_building Monastery |
| 22:02 | XEVER | elmasi88 · first_building Monastery |
| 22:50 | xNFTxLethalZGT · first_building Siege Workshop |
| 22:56 | InvasorDePasti · wall_segment Stone Wall x21 |
| 23:39 | abraksis · first_building Castle |
| 23:57 | abraksis · first_building Monastery |
| 24:15 | Avataroffaith · first_building Monastery |
| 24:47 | cuffneyj · first_building Castle |
| 25:19 | Avataroffaith · wall_segment Stone Wall x8 |
| 25:24 | Avataroffaith · first_building Barracks |
| 25:38 | Avataroffaith · first_market_buy 100 food |
| 26:42 | Avataroffaith · wall_segment Stone Wall x1 |
| 26:44 | Avataroffaith · wall_segment Stone Wall x5 |
| 26:45 | Avataroffaith · wall_segment Stone Wall x3 |
| 27:19 | cuffneyj · first_market_sell 100 food |
| 27:37 | Avataroffaith · first_market_sell 100 wood |
| 27:39 | 88888 · first_building Castle |
| 27:55 | cuffneyj · first_building Barracks |
| 27:58 | InvasorDePasti · first_building Monastery |
| 29:22 | cuffneyj · first_building Stable |
| 29:34 | XEVER | elmasi88 · age_up imperial |
| 30:35 | Avataroffaith · age_up imperial |
| 30:38 | Avataroffaith · first_building Castle |
| 30:44 | abraksis · first_building Barracks |
| 30:46 | Avataroffaith · first_building Stable |
| 30:52 | cuffneyj · age_up imperial |
| 31:07 | XEVER | elmasi88 · first_building Castle |
| 31:26 | 88888 · first_building Barracks |
| 32:05 | abraksis · first_building Stable |
| 32:50 | cuffneyj · first_building Siege Workshop |
| 33:29 | 88888 · age_up imperial |
| 33:40 | XEVER | elmasi88 · first_market_sell 500 wood |
| 34:01 | InvasorDePasti · first_building Castle |
| 37:07 | abraksis · age_up imperial |
| 38:56 | xNFTxLethalZGT · wall_segment Stone Wall x7 |
| 39:13 | InvasorDePasti · age_up imperial |
| 39:54 | xNFTxLethalZGT · wall_segment Stone Wall x11 |
| 40:24 | Avataroffaith · wall_segment Stone Wall x4 |
| 40:42 | InvasorDePasti · first_building Siege Workshop |
| 41:35 | xNFTxLethalZGT · first_building Castle |
| 42:40 | xNFTxLethalZGT · wall_segment Stone Wall x12 |
| 43:54 | xNFTxLethalZGT · wall_segment Stone Wall x1 |
| 44:04 | InvasorDePasti · first_market_sell 500 stone |
| 44:24 | 88888 · first_market_sell 500 wood |
| 45:00 | Avataroffaith · wall_segment Stone Wall x7 |
| 48:15 | Avataroffaith · wall_segment Stone Wall x1 |
| 48:52 | 88888 · resign |
| 49:49 | abraksis · tribute_sent a jugador 1 |
| 49:49 | abraksis · tribute_sent a jugador 3 |
| 49:49 | abraksis · tribute_sent a jugador 4 |
| 49:49 | abraksis · tribute_sent a jugador 5 |
| 49:49 | abraksis · tribute_sent a jugador 6 |
| 49:49 | abraksis · tribute_sent a jugador 7 |
| 49:49 | abraksis · tribute_sent a jugador 8 |
| 50:29 | InvasorDePasti · first_market_buy 500 stone |
[ AI ANALYSIS · 1 CREDIT ]
What really happened in this match?
Wolo.gg analyzes every decision: build order, eco, micro, common mistakes by bracket. Personalized analysis on WhatsApp or Discord in 30 seconds.
Civ guide
Saracens
Map guide
Black Forest
Perfil
cuffneyj